 Dungeon Crawl Stone Soup version 0.30-a0-371-gad7725a93e (webtiles) character file.

Game seed: 13728243926716920764

918 IdlyInterested the Vexing (level 7, -1/54 HPs)
             Began as a Demonspawn Wanderer on Nov 21, 2022.
             Slain by a two-headed ogre
             ... wielding a +0 giant club
              (7 damage)
             ... on level 6 of the Dungeon.
             The game lasted 00:15:53 (4345 turns).

IdlyInterested the Vexing (Demonspawn Wanderer)     Turns: 4345, Time: 00:15:54

Health: -1/54      AC: 17    Str:  8    XL:     7   Next: 83%
Magic:  0/13       EV: 11    Int: 15    God:
Gold:   359        SH: 11    Dex: 23    Spells: 10/14 levels left

rFire   . . .      SeeInvis .    A - +0 long sword
rCold   . . .      Faith    .    y - +2 buckler {AC+3}
rNeg    . . .      Spirit   +    d - +1 robe
rPois   .          Reflect  .    (no helmet)
rElec   .          Harm     .    (no cloak)
rCorr   .          Rampage  .    s - +2 pair of gloves
Will    .....                    b - +1 pair of boots
Stlth   ++........               t - amulet of guardian spirit
HPRegen 0.29/turn                k - +6 ring of dexterity
MPRegen 0.13/turn                (no ring)

@: no status effects
A: thin metallic scales 1, icemail 1, condensation shield, weakness stinger 1
a: no special abilities


You were on level 6 of the Dungeon.
You visited 1 branch of the dungeon, and saw 6 of its levels.

You collected 359 gold pieces.

Inventory:

Hand Weapons
 a - a +2 falchion
 f - a +0 short sword
 h - a +3 trident of protection
 n - a +2 dagger of venom
 v - a +2 spear of venom
 A - a +0 long sword (weapon)
Missiles
 l - a throwing net
 o - 23 stones (quivered)
Armour
 b - a +1 pair of boots (worn)
 d - a +1 robe (worn)
 s - a +2 pair of gloves (worn)
 y - a +2 buckler of protection (worn)
Jewellery
 k - a +6 ring of dexterity (left hand)
 t - an amulet of guardian spirit (around neck)
Wands
 p - a wand of roots (8)
 u - a wand of flame (18)
Scrolls
 j - 3 scrolls of teleportation
 q - a scroll of amnesia
Potions
 c - 4 potions of curing
 e - 3 potions of brilliance
 g - a potion of mutation
 i - a potion of lignification
 m - a potion of flight
 x - a potion of heal wounds
 z - a potion of attraction {unknown}


   Skills:
 - Level 4.0 Fighting
 + Level 4.2 Long Blades
 - Level 1.0 Throwing
 - Level 1.0 Armour
 - Level 1.0 Dodging
 - Level 2.0 Stealth
 * Level 2.2 Shields
 - Level 4.0 Spellcasting
 * Level 5.5 Hexes
 - Level 1.0 Evocations


You had 10 spell levels left.
You knew the following spells:

 Your Spells              Type           Power      Damage    Failure   Level
a - Slow                  Hex            76%        N/A       2%          1
b - Tukima's Dance        Hex            19%        N/A       8%          3

Your spell library contained the following spells:

 Spells                   Type           Power      Damage    Failure   Level
 Beastly Appendage        Tmut           6%         N/A       24%         1
 Wereblood                Tmut           3%         N/A       34%         2
 Spider Form              Tmut/Pois      3%         N/A       56%         3
 Malign Gateway           Summ/Tloc      1%         N/A       100%        7
 Summon Horrible Things   Summ           1%         N/A       100%        8


Dungeon Overview and Level Annotations

Branches:
Dungeon (6/15)
 Temple: D:4-7

Altars:
Makhleb
Qazlal

Shops:
D:4 [


Innate Abilities, Weirdness & Mutations

You are partially covered in thin metallic scales. (AC +2)
A meltable icy envelope protects you from harm. (AC +4)
A meltable shield of frost defends you. (SH +4)
You have a small tail.


Message History

The puff of flame misses the two-headed ogre.
Aiming: Throw Flame
Press: ? - help, Shift-Dir - straight line, f/p - two-headed ogre
Aim: a two-headed ogre, wielding a +0 giant club and a +0 giant spiked club (moderately wounded, 85% to hit)
The puff of flame hits the two-headed ogre.
The two-headed ogre is moderately wounded.
Okay, then.
Aiming: Throw Flame
Press: ? - help, Shift-Dir - straight line, f/p - two-headed ogre
Aim: a two-headed ogre, wielding a +0 giant club and a +0 giant spiked club (moderately wounded, 85% to hit)
The puff of flame hits the two-headed ogre!
The two-headed ogre is heavily wounded.
You barely miss the two-headed ogre.
The two-headed ogre is heavily wounded.
The two-headed ogre misses you. You block the two-headed ogre's attack.
You hit the two-headed ogre.
The two-headed ogre is heavily wounded.
The two-headed ogre hits you but does no damage.
You block the two-headed ogre's attack.
You barely miss the two-headed ogre.
The two-headed ogre is heavily wounded.
The two-headed ogre misses you.
The two-headed ogre hits you with a +0 giant spiked club!
You slash the two-headed ogre!
Your tail-slap misses the two-headed ogre.
The two-headed ogre is severely wounded.
The two-headed ogre barely misses you. You block the two-headed ogre's attack.
You slash the two-headed ogre!
The two-headed ogre is almost dead.
You hit the two-headed ogre but do no damage.
The two-headed ogre is almost dead.
The two-headed ogre barely misses you.
The two-headed ogre hits you with a +0 giant spiked club!
You hit the two-headed ogre but do no damage.
You tail-slap the two-headed ogre.
The two-headed ogre is almost dead.
The two-headed ogre hits you with a +0 giant club!!
* * * LOW HITPOINT WARNING * * *
The two-headed ogre hits you with a +0 giant spiked club!
You die...

### #@## #O†#
#..## ##..##
### #...##
....##...#
.##.
.........##
...#.
..........##
>....
......y.<..##
.....


You could see a two-headed ogre.

Vanquished Creatures
  A black bear (D:4)
  A centaur (D:5)
  A necrophage (D:5)
  A gnoll sergeant (D:5)
  2 scorpions
  4 killer bees (D:6)
  2 hounds (D:5)
  2 orc priests (D:3)
  3 orc wizards
  8 adders
  2 worms (D:2)
  6 orcs
  5 endoplasms
  9 goblins
  5 hobgoblins
  3 jackals (D:5)
  5 quokkas
  5 ball pythons
  5 bats
  6 frilled lizards
  5 kobolds
  4 rats (D:1)
85 creatures vanquished.

Vanquished Creatures (others)
  A dancing weapon (D:5)
1 creature vanquished.

Grand Total: 86 creatures vanquished

Notes
Turn   | Place    | Note
-------+----------+-------------------------------------------
     0 | D:1      | IdlyInterested the Demonspawn Wanderer began the quest for
                  | the Orb.
     0 | D:1      | IdlyInterested set off with the following items: a +2
                  | falchion, a +0 pair of boots, a potion of heal wounds, a +0
                  | robe; and the following spell memorised: Slow; and the
                  | following spells available to memorise: Tukima's Dance.
     0 | D:1      | Reached XP level 1. HP: 13/13 MP: 4/4
   149 | D:1      | Gained mutation: You have a small tail. [demonic ancestry]
   149 | D:1      | Reached XP level 2. HP: 20/20 MP: 6/6
   471 | D:1      | Reached skill level 1 in Hexes
   642 | D:1      | Reached XP level 3. HP: 25/25 MP: 7/7
   859 | D:2      | Learned a level 3 spell: Tukima's Dance
   953 | D:2      | Reached skill level 1 in Fighting
   953 | D:2      | Reached skill level 1 in Throwing
  1297 | D:2      | Found a faded altar of an unknown god.
  2049 | D:3      | Gained mutation: You are partially covered in thin metallic
                  | scales. (AC +2) [demonic ancestry]
  2049 | D:3      | Reached XP level 4. HP: 32/32 MP: 8/8
  2094 | D:3      | Reached skill level 1 in Armour
  2201 | D:3      | Reached skill level 2 in Hexes
  2326 | D:3      | Reached skill level 1 in Dodging
  2326 | D:3      | Reached XP level 5. HP: 39/39 MP: 1/9
  2767 | D:4      | Found Yriv's Armour Shoppe.
  2825 | D:4      | Found a stormy altar of Qazlal.
  2874 | D:4      | Noticed a black bear
  2876 | D:4      | Reached skill level 3 in Hexes
  2876 | D:4      | Gained mutation: A meltable shield of frost defends you.
                  | (SH +4) [demonic ancestry]
  2876 | D:4      | Reached XP level 6. HP: 37/47 MP: 10/10
  3058 | D:4      | Found a burning altar of Makhleb.
  3446 | D:5      | Entered Level 5 of the Dungeon
  3617 | D:5      | Reached skill level 4 in Hexes
  3723 | D:5      | Gained mutation: A meltable icy envelope protects you from
                  | harm. (AC +4) [demonic ancestry]
  3723 | D:5      | Reached XP level 7. HP: 49/54 MP: 10/12
  3932 | D:5      | Reached skill level 5 in Hexes
  4083 | D:6      | Reached skill level 1 in Shields
  4332 | D:6      | Noticed a two-headed ogre
  4345 | D:6      | Slain by a two-headed ogre

Illustrated notes

Levels and vault maps discovered:
D:1:      wander_arrival_lonely_grave, layout_basic, minmay_surrounded
D:2:      layout_loops_ring, hellmonk_ecumenical_altar_leap_of_faith
D:3:      layout_loops_ring, minmay_unequal
D:4:      layout_loops_ring, mainiacjoe_overflow_concentric_impassable,
          mainiacjoe_overflow_alcove_1, serial_shops, shop
D:5:      layout_basic, chequers_serial_rivers_small_3
D:6:      layout_layer_cave, hangedman_decor_opposing, uniq_pikel, uniq_duvessa

Skill      XL: |  1  2  3  4  5  6  7 |
---------------+----------------------+-----
Long Blades    | 4 |  4.2
Stealth        | 2 |  2.0
Hexes          | 1 2 3 4 5 |  5.5
Fighting       | 1 2 3 4 |  4.0
Throwing       | 1 |  1.0
Armour         | 1 |  1.0
Dodging        | 1 |  1.0
Spellcasting   | 4 |  4.0
Shields        | 2 |  2.2
Evocations     | |  1.0

Action                   |  1- 3 |  4- 6 |  7- 9 || total
-------------------------+-------+-------+-------++-------
Melee: Falchion          |    79 |    93 |    41 ||   213
       Tailslap          |     5 |    13 |    15 ||    33
       Punch             |       |     1 |       ||     1
       Long sword        |       |       |    39 ||    39
Throw: Stone             |     6 |     5 |     2 ||    13
 Cast: Slow              |       |     1 |     1 ||     2
       Tukima's Dance    |       |       |     1 ||     1
Evoke: Wand              |       |       |     9 ||     9
  Use: Scroll            |     7 |     7 |     2 ||    16
       Potion            |       |     2 |     1 ||     3
 Stab: Sleeping          |    10 |       |     1 ||    11
Armor: Robe              |    17 |    42 |    53 ||   112
Dodge: Dodged            |    28 |    60 |    75 ||   163
Block: Other             |       |    15 |     4 ||    19
       Buckler           |       |       |    54 ||    54

Table legend: (Time is in decaauts)
 A = Elapsed time spent in this place.
 B = Non-inter-level travel time spent in this place.
 C = Inter-level travel time spent in this place.
 D = Time resting spent in this place.
 E = Time spent auto-exploring this place.
 F = Levels seen in this place.
 G = Mean time per level.
                   A        B        C        D        E       F      G
               +--------+--------+--------+--------+--------+-----+--------+
         Total |   4383 |   3830 |    553 |    339 |   2418 |   6 |  730.5 |
       Dungeon |   4383 |   3830 |    553 |    339 |   2418 |   6 |  730.5 |
               +--------+--------+--------+--------+--------+-----+--------+

Top non-repeatable levels by time:
     D:2: 1103 daAuts
     D:4: 842 daAuts
     D:3: 826 daAuts
     D:1: 775 daAuts
     D:5: 556 daAuts
     D:6: 278 daAuts
